 Dungeon Crawl Stone Soup version 0.31.0-9-g3a7656b989 (webtiles) character file.

Game seed: 7561877956725185711

8 Colgate the Shooter (level 2, 16/22 HPs)
             Began as a Demonspawn Hunter on Feb 6, 2024.
             Quit the game on level 1 of the Dungeon.
             The game lasted 00:00:22 (728 turns).

Colgate the Shooter (Demonspawn Hunter)              Turns: 728, Time: 00:00:22

Health: 16/22      AC:  3    Str: 11    XL:     2   Next: 0%
Magic:  2/2        EV: 11    Int:  9    God:
Gold:   116        SH:  0    Dex: 16    Spells: 1/1 levels left

rFire   . . .        a - +0 shortbow
rCold   . . .        (shield currently unavailable)
rNeg    . . .        c - +0 leather armour
rPois   .            (no helmet)
rElec   .            (no cloak)
rCorr   .            (no gloves)
SInv    .            (no boots)
Will    .....        (no amulet)
Stlth   +            (no ring)
HPRegen 0.23/turn    (no ring)
MPRegen 0.08/turn

%: no passive effects
@: no status effects
A: demonic guardian 1
a: no special abilities


You were on level 1 of the Dungeon.
You visited 1 branch of the dungeon, and saw 1 of its levels.

You collected 116 gold pieces.

Inventory:

Hand Weapons
 a - a +0 shortbow (weapon)
Armour
 c - a +0 leather armour (worn)
Scrolls
 b - a scroll of butterflies
 f - a scroll of summoning {unknown}
 g - a scroll of identify {unknown}
 h - a scroll of teleportation {unknown}
Potions
 d - a potion of curing {unknown}
 e - a potion of might {unknown}
 i - a potion of lignification {unknown}


   Skills:
 - Level 2.0 Fighting
 + Level 4.0 Ranged Weapons
 - Level 1.7 Dodging
 - Level 0.8 Stealth


You had one spell level left.
You didn't know any spells.
Your spell library was empty.

Dungeon Overview and Level Annotations

Branches:
Dungeon (1/15)

Altars:


Innate Abilities, Weirdness & Mutations

A weak demonic guardian rushes to your aid.


Message History

No target in view!
Key pressed, stopping explore.
No target in view!
You now have 98 gold pieces (gained 10).
You now have 116 gold pieces (gained 18).
A goblin and a kobold come into view.
Found a mace and a scroll labelled AFEGYA GEASCHUL.
The goblin shouts!
You shoot an arrow. The arrow closely misses the kobold.
The kobold misses you. The goblin closely misses you.
The kobold closely misses you.
There are monsters nearby!
You shoot an arrow. The arrow barely misses the kobold.
The goblin barely misses you.
The kobold hits you with a +0 short sword.
There are monsters nearby!
You shoot an arrow. The arrow barely misses the kobold.
The goblin barely misses you. The kobold misses you.
There are monsters nearby!
You shoot an arrow. The arrow closely misses the kobold.
The goblin hits you with a +0 club. The kobold barely misses you.
There are monsters nearby!
You shoot an arrow.
The arrow hits the kobold but does no damage.
The goblin completely misses you.
The kobold hits you but does no damage. x2
The goblin closely misses you.
There are monsters nearby!
You shoot an arrow. The arrow closely misses the kobold.
The goblin barely misses you.
The kobold hits you with a +0 short sword.
There are monsters nearby!
You shoot an arrow. The arrow hits the kobold.
The kobold misses you. The goblin barely misses you.
There are monsters nearby!
You shoot an arrow. The arrow hits the kobold!
You kill the kobold!
The goblin closely misses you.
You have reached level 2!
Your demonic ancestry asserts itself...
You feel the presence of a demonic guardian.
Are you sure you want to abandon this character and quit the game? (Confirm with "yes".)

#......... #.........
#.#####... ### #.#
#.†.## #.. ##.###.###
#.# # #....#.#
#?###.##.# #....#.####
#..)).g..# #....#.#...
#@# #....#.#### #.#
#.>..+..... #.#
###....###### #.#
#..........##
#.####.....(.....#
#....+...........#
#..###...........#
#.####..######+####...#
#.........# #...#


You could see a goblin.

Vanquished Creatures
  A bat (D:1)
  An endoplasm (D:1)
  A giant cockroach (D:1)
  A hobgoblin (D:1)
  A frilled lizard (D:1)
  2 kobolds (D:1)
7 creatures vanquished.

Notes
Turn   | Place    | Note
-------+----------+-------------------------------------------
     0 | D:1      | Colgate the Demonspawn Hunter began the quest for the Orb.
     0 | D:1      | Reached XP level 1. HP: 16/16 MP: 1/1
   593 | D:1      | Reached skill level 4 in Ranged Weapons
   728 | D:1      | Gained mutation: A weak demonic guardian rushes to your
                  | aid. [demonic ancestry]
   728 | D:1      | Reached XP level 2. HP: 16/22 MP: 2/2
   728 | D:1      | Quit the game

Illustrated notes

Levels and vault maps discovered:
D:1:      spicycebolla_arrival_clurvy, layout_basic, feat_on_display

Skill      XL: |  1 |
---------------+----+-----
Ranged Weapons | 4 |  4.0
Fighting       | |  2.0
Dodging        | |  1.7
Stealth        | |  0.8

Action                     || total
---------------------------++-------
   Fire: Shortbow          ||    31
 Armour: Leather armour    ||    13
  Dodge: Dodged            ||    14
